 Dungeon Crawl Stone Soup version 0.17.0-28-g6e173f8 (webtiles) character file.

3127 mwv the Fighter (level 9, -3/96 HPs)
             Began as a Minotaur Berserker on Nov 22, 2015.
             Was a Priest of Trog.
             Slain by Erolcha
             ... wielding a +0 giant club
              (8 damage)
             ... on level 8 of the Dungeon.
             The game lasted 00:40:59 (7806 turns).

mwv the Fighter (Minotaur Berserker)                Turns: 7806, Time: 00:40:59

Health: -3/96      AC: 15    Str: 31    XL:     9   Next: 61%
Magic:  8/8        EV: 13    Int:  4    God:    Trog [***...]
Gold:   244        SH:  0    Dex:  9    Spells: 0 memorised, 8 levels left

rFire  + . .     SeeInvis .     q - +0 broad axe
rCold  . . .     Clarity  +     G - +0 plate armour
rNeg   . . .     SustAt   .     (no shield)
rPois  .         Gourm    .     (helmet unavailable)
rElec  .         Spirit   .     u - +0 cloak
rCorr  +         Warding  .     (no gloves)
rMut   .         Stasis   .     F - +1 pair of boots
MR     ++...                    k - amulet of resist corrosion
Stlth  ..........               (no ring)
                                n - +5 ring of evasion

@: mighty, exhausted, regenerating, slowed, very slow, very resistant to hostile
enchantments, extremely unstealthy
A: retaliatory headbutt, horns 3, blurry vision 1, clarity, fire resistance 1,
sense surroundings 1, slow regeneration 1
a: Berserk, Trog's Hand, Burn Spellbooks, Renounce Religion


You were on level 8 of the Dungeon.
You worshipped Trog.
Trog was most pleased with you.
You were not hungry.

You visited 1 branch of the dungeon, and saw 8 of its levels.
You also visited: Sewer.

You collected 293 gold pieces.
You spent 49 gold pieces at shops.

Inventory:

Hand Weapons
 a - a +1 mace
 i - a +0 flail of holy wrath
 m - a +0 mace
 q - a +0 broad axe (weapon)
 H - a +0 war axe
 L - a +0 trident of pain
Missiles
 h - 8 needles of sleeping
 l - 146 stones (quivered)
 v - 18 poisoned needles
Armour
 o - a +1 chain mail
 u - a +0 cloak (worn)
 F - a +1 pair of boots (worn)
 G - a +0 plate armour (worn)
Jewellery
 k - an amulet of resist corrosion (around neck)
 n - a +5 ring of evasion (left hand)
 z - an uncursed ring of sustain attributes
Wands
 e - a wand of lightning (9)
 p - a wand of frost (34)
Scrolls
 f - 2 scrolls of enchant weapon
 s - a scroll of fog
 w - 3 scrolls of fear
 x - a scroll of torment {unknown}
 y - a scroll of remove curse
Potions
 b - 2 potions of curing
 d - 2 potions of cancellation
 g - a potion of berserk rage
Comestibles
 c - 8 bread rations
 r - a beef jerky


   Skills:
 * Level 14.4 Fighting
 + Level 3.9(4.6) Axes
 - Level 3.7(4.5) Maces & Flails
 + Level 5.2 Armour
 - Level 2.3 Dodging


You had 8 spell levels left.
You didn't know any spells.

Dungeon Overview and Level Annotations

Branches:
Dungeon (8/15)             Temple (0/1) D:4
   Lair: D:8-11

Altars:
Dithmenos
Elyvilon
Sif Muna
Trog
Vehumet
Yredelemnul
Zin

Shops:
D:6 (   D:8 }

Annotations:
D:8 Erolcha


Innate Abilities, Weirdness & Mutations

You reflexively headbutt those who attack you in melee.
You have a pair of large horns on your head.
Scrolls take you a little longer to read.
You possess an exceptional clarity of mind.
Your flesh is heat resistant.
You passively map a small area around you.
You regenerate slowly when monsters are visible.


Message History

Erolcha hits you but does no damage.
Drink which item? (? for menu, Esc to quit)
You feel very mighty all of a sudden. Erolcha hits you with a giant club.
The orc warrior hits you from afar with a halberd!
* * * LOW HITPOINT WARNING * * *
Erolcha misses you.
The orc warrior hits you but does no damage.
Read which item? (? for menu, Esc to quit)
Really read with blurry vision while enemies are nearby?
Okay, then.
You slash Erolcha! Your headbutt misses Erolcha.
Erolcha is severely wounded.
You feel the effects of Trog's Hand fading.
Erolcha hits you with a giant club!
* * * LOW HITPOINT WARNING * * *
The orc warrior hits you from afar with a halberd!
* * * LOW HITPOINT WARNING * * *
Erolcha hits you with a giant club!
You die...

#....##* #.)##.#
####..#*#.#
#...)†# ##
#.###†## # *
#.o# , ##o# * *
#)# * #@#
#.####O########*
#.....Oo.......
,
#..###.#######.
# #.# , , #.###
* #.<.# *,,
###.# * #.# * ,


You could see Erolcha, an orc warrior, an ogre and 2 orcs.

Vanquished Creatures
  The ghost of P0WERM0DE the Fighter, a novice MiHu (D:4)
  Prince Ribbit (D:8)
  A spriggan (D:7)
  The ghost of Ohli the Insei, an amateur OpBe of Trog (D:3)
  An ice beast (D:7)
  Purgy (Sewer)
  4 ogres
  An orc warrior (D:8)
  A sky beast (D:3)
  2 centaurs
  2 phantoms (D:4)
  A big kobold (Sewer)
  2 giant frogs
  5 killer bees (D:7)
  A giant frog zombie (D:7)
  A wasp zombie (D:7)
  2 crimson imps
  Crazy Yiuf (D:2)
  2 giant frog skeletons
  2 hounds
  4 worker ants
  Terence (D:3)
  5 orc wizards (D:7)
  A hound skeleton (D:4)
  4 gnolls (D:5)
  16 adders
  A shadow imp (D:7)
  2 adder skeletons (D:6)
  5 giant geckos
  12 orcs
  4 ball pythons
  6 giant cockroaches
  6 goblins
  3 hobgoblins
  16 kobolds
  A quokka (D:2)
  6 bats
  8 giant newts
  5 jackals
  A jackal skeleton (D:7)
  5 rats
145 creatures vanquished.

Notes
Turn   | Place    | Note
--------------------------------------------------------------
     0 | D:1      | mwv the Minotaur Berserker began the quest for the Orb.
     0 | D:1      | Reached XP level 1. HP: 19/19 MP: 0/0
     0 | D:1      | Noticed a golden dragon
     0 | D:1      | Noticed a shadow dragon
     3 | D:1      | Noticed a tentacled monstrosity
     4 | D:1      | Noticed a black draconian
     5 | D:1      | Noticed an orb of fire
     6 | D:1      | Noticed a tentacled monstrosity
     8 | D:1      | Noticed an ice dragon
    10 | D:1      | Noticed an ice dragon
    18 | D:1      | Noticed an orb of fire
    20 | D:1      | Noticed a shadow dragon
    20 | D:1      | Noticed an iron dragon
    20 | D:1      | Noticed an ice dragon
    22 | D:1      | Noticed an iron dragon
    22 | D:1      | Noticed an orb of fire
    24 | D:1      | Noticed an ice dragon
    24 | D:1      | Noticed a shadow dragon
    26 | D:1      | Noticed a red draconian
   422 | D:1      | Reached XP level 2. HP: 27/27 MP: 1/1
   438 | D:1      | Reached skill level 4 in Fighting
   919 | D:2      | Reached ** piety under Trog
   960 | D:2      | Reached XP level 3. HP: 24/34 MP: 2/2
  1141 | D:2      | Reached skill level 5 in Fighting
  1557 | D:2      | Noticed Crazy Yiuf
  1564 | D:2      | Killed Crazy Yiuf
  1564 | D:2      | Reached skill level 6 in Fighting
  1564 | D:2      | Reached XP level 4. HP: 36/44 MP: 3/3
  1752 | D:3      | Noticed Terence
  1934 | D:3      | Noticed Ohli's ghost (amateur OpBe)
  1945 | D:3      | Killed Ohli's ghost
  1945 | D:3      | Reached skill level 7 in Fighting
  1945 | D:3      | Reached XP level 5. HP: 20/53 MP: 4/4
  2478 | D:3      | Noticed a sky beast
  2488 | D:3      | Killed a sky beast
  2488 | D:3      | Reached skill level 8 in Fighting
  2488 | D:3      | Reached XP level 6. HP: 38/62 MP: 5/5
  2702 | D:3      | Killed Terence
  2762 | D:3      | Found a radiant altar of Vehumet.
  3294 | D:4      | Reached skill level 9 in Fighting
  3405 | D:4      | Reached XP level 7. HP: 54/70 MP: 6/6
  3515 | D:4      | Noticed P0WERM0DE's ghost (novice MiHu)
  3537 | D:4      | Killed P0WERM0DE's ghost
  3537 | D:4      | Reached skill level 10 in Fighting
  3660 | D:4      | Reached skill level 11 in Fighting
  3841 | D:4      | Reached XP level 8. HP: 69/82 MP: 7/7
  3881 | D:4      | Found a staircase to the Ecumenical Temple.
  3937 | D:4      | Found a deep blue altar of Sif Muna.
  3938 | D:4      | Found a shadowy altar of Dithmenos.
  4022 | D:5      | Entered Level 5 of the Dungeon
  4049 | D:5      | Reached *** piety under Trog
  4060 | D:5      | Found a bloodstained altar of Trog.
  4326 | D:5      | Reached skill level 12 in Fighting
  5364 | D:6      | Found Sidoutur's Weapon Shoppe.
  5367 | D:6      | Bought a +0 war axe for 49 gold pieces
  5403 | D:6      | Found a glowing drain.
  5408 | Sewer    | Entered a sewer
  5412 | Sewer    | Noticed Purgy
  5427 | Sewer    | Killed Purgy
  5466 | Sewer    | Noticed Olekman's ghost (amateur HuFi)
  5549 | Sewer    | Reached skill level 13 in Fighting
  5624 | Sewer    | Gained mutation: You evolve. [potion of beneficial mutation]
  5664 | Sewer    | Gained mutation: You possess an exceptional clarity of mind. [potion of beneficial mutation]
  5737 | Sewer    | Lost mutation: You evolve. [potion of cure mutation]
  5737 | Sewer    | Lost mutation: You possess an exceptional clarity of mind. [potion of cure mutation]
  5833 | D:6      | Gained mutation: Scrolls take you a little longer to read. [potion of mutation]
  5833 | D:6      | Gained mutation: Your flesh is heat resistant. [potion of mutation]
  5834 | D:6      | Gained mutation: You regenerate slowly when monsters are visible. [potion of mutation]
  5835 | D:6      | Gained mutation: You possess an exceptional clarity of mind. [potion of mutation]
  5835 | D:6      | Gained mutation: You passively map a small area around you. [potion of mutation]
  5835 | D:6      | Gained mutation: You have a pair of large horns on your head. [potion of mutation]
  6225 | D:6      | Reached skill level 1 in Axes
  6552 | D:6      | Found a basalt altar of Yredelemnul.
  6856 | D:7      | Reached XP level 9. HP: 93/93 MP: 8/8
  6955 | D:7      | Found a white marble altar of Elyvilon.
  7303 | D:7      | Found a glowing silver altar of Zin.
  7500 | D:7      | Reached skill level 14 in Fighting
  7724 | D:8      | Found Toquesae's Gadget Emporium.
  7770 | D:8      | Noticed Prince Ribbit
  7783 | D:8      | Killed Prince Ribbit
  7783 | D:8      | Reached skill level 5 in Armour
  7797 | D:8      | Noticed Erolcha
  7806 | D:8      | Slain by Erolcha

Action                   |  1- 3 |  4- 6 |  7- 9 || total
-------------------------+-------+-------+-------++-------
Melee: Mace              |    90 |    90 |    85 ||   265
       War axe           |       |       |    79 ||    79
       Broad axe         |       |       |    58 ||    58
Throw: Stone             |       |       |     9 ||     9
Invok: Trog's Hand       |       |     1 |     9 ||    10
       Berserk           |       |       |     2 ||     2
  Use: Scroll            |     6 |     3 |     6 ||    15
       Potion            |       |       |    15 ||    15
  Eat: Chunk             |     1 |     1 |     3 ||     5
       Bread ration      |     1 |       |     2 ||     3
       Meat ration       |       |     1 |     1 ||     2
       Pizza             |       |       |     1 ||     1
